BR (22 & UNDER)
CLEARWATER CRAB PEOPLE @ ATLANTIC CITY WAR DOGS
08/04/2030
 
TOP OF THE 1ST
Clearwater Crab People batting - Pitching for Atlantic City War Dogs : LHP Norberto Villaneda
Pitching: LHP Norberto Villaneda
Batting: RHB Gerald Hayes 0-0: Called Strike
0-1: Ball
1-1: Foul Ball, location: 2F
1-2: Foul Ball, location: 2F
1-2: Ball
2-2: Strikes out looking
Batting: RHB Derrek Lane 0-0: Ball
1-0: Fly out, F8 (Flyball, 8RXD)
Batting: RHB Lee Kitchener 0-0: Foul Ball, location: 2F
0-1: Ball
1-1: Foul Ball, location: 2F
1-2: Foul Ball, location: 2F
1-2: Ball
2-2: Strikes out looking
Top of the 1st over - 0 runs, 0 hits, 0 errors, 0 left on base; Clearwater 0 - Atlantic City 0
BOTTOM OF THE 1ST
Atlantic City War Dogs batting - Pitching for Clearwater Crab People : RHP David Miller
Pitching: RHP David Miller
Batting: RHB Roberto Díaz 0-0: Ground out 5-3 (Groundball, 56)
Batting: RHB Jonathan Boyer 0-0: Swinging Strike
0-1: Ball
1-1: Ball
2-1: Ground out 4-3 (Groundball, 4M)
Batting: SHB Xavier Stout 0-0: Ball
1-0: DOUBLE (Line Drive, 9LS)
Batting: RHB Hilton Knowles 0-0: Foul Ball, location: 2F
0-1: Foul Ball, location: 2F
0-2: Ball
1-2: Ground out 5-3 (Groundball, 56)
Bottom of the 1st over - 0 runs, 1 hit, 0 errors, 1 left on base; Clearwater 0 - Atlantic City 0
TOP OF THE 2ND
Clearwater Crab People batting - Pitching for Atlantic City War Dogs : LHP Norberto Villaneda
Batting: RHB Artie Mills 0-0: Ball
1-0: Called Strike
1-1: Foul Ball, location: 2F
1-2: Ball
2-2: Ball
3-2: Foul Ball, location: 2F
3-2: Strikes out swinging
Batting: LHB Carl Coffman 0-0: Called Strike
0-1: Ball
1-1: Ball
2-1: Called Strike
2-2: Foul Ball, location: 2F
2-2: DOUBLE (Flyball, 8LXD) - OUT at third base trying to stretch hit.
Batting: RHB Garry Taylor 0-0: Ball
1-0: Called Strike
1-1: Ball
2-1: Ball
3-1: Base on Balls
Batting: RHB Brandon Davis 0-0: Called Strike
0-1: Foul Ball, location: 2F
0-2: Foul Ball, location: 2F
0-2: Ball
1-2: Ball
2-2: SINGLE (Flyball, 9LS)
Garry Taylor to second
Runner from 2nd tries for 3rd, SAFE, no throw
Batting: RHB Juan Carlos Cruz 0-0: Called Strike
0-1: Ball
1-1: Ball
2-1: Called Strike
2-2: Foul Ball, location: 2F
2-2: Foul Ball, location: 2F
2-2: SINGLE (Line Drive, 34)
Garry Taylor scores
Brandon Davis to second
Runner from 2nd tries for 3rd, SAFE, no throw
Batting: RHB Bud Manning 0-0: Ball
1-0: Ground out 5-3 (Groundball, 56)
Top of the 2nd over - 1 run, 3 hits, 0 errors, 2 left on base; Clearwater 1 - Atlantic City 0
BOTTOM OF THE 2ND
Atlantic City War Dogs batting - Pitching for Clearwater Crab People : RHP David Miller
Batting: LHB Tomás Mata 0-0: Foul Ball, location: 2F
0-1: Ground out 6-3 (Groundball, 6)
Batting: RHB Clifford Guzmán 0-0: Ball
1-0: Fly out, F3 (Popup, 34)
Batting: RHB David Gallardo 0-0: Ball
1-0: Ball
2-0: Called Strike
2-1: Reached on error, E4 (Groundball, 4)
Batting: LHB Carl Childs 0-0: Ball
1-0: Called Strike
1-1: Foul Ball, location: 2F
1-2: Foul Ball, location: 2F
1-2: Ball
2-2: Ball
3-2: Strikes out swinging
Bottom of the 2nd over - 0 runs, 0 hits, 1 error, 1 left on base; Clearwater 1 - Atlantic City 0
TOP OF THE 3RD
Clearwater Crab People batting - Pitching for Atlantic City War Dogs : LHP Norberto Villaneda
Batting: RHB Gerald Hayes 0-0: Ball
1-0: Fly out, F8 (Flyball, 8RM)
Batting: RHB Derrek Lane 0-0: Ball
1-0: Ball
2-0: Ground out 3-1 (Groundball, 34S)
Batting: RHB Lee Kitchener 0-0: Foul Ball, location: 2F
0-1: Ball
1-1: Ball
2-1: Foul Ball, location: 2F
2-2: Ball
3-2: Foul Ball, location: 2F
3-2: Strikes out swinging
Top of the 3rd over - 0 runs, 0 hits, 0 errors, 0 left on base; Clearwater 1 - Atlantic City 0
BOTTOM OF THE 3RD
Atlantic City War Dogs batting - Pitching for Clearwater Crab People : RHP David Miller
Batting: RHB Luis Viña 0-0: Foul Ball, location: 2F
0-1: Called Strike
0-2: Strikes out swinging
Batting: RHB Roberto Díaz 0-0: Ball
1-0: Called Strike
1-1: Foul Ball, location: 2F
1-2: Ball
2-2: Fly out, F8 (Flyball, 78D)
Batting: RHB Jonathan Boyer 0-0: Swinging Strike
0-1: Foul Ball, location: 2F
0-2: Foul Ball, location: 2F
0-2: Ball
1-2: Ball
2-2: DOUBLE (Line Drive, 89D)
Batting: SHB Xavier Stout 0-0: Ball
1-0: Ball
2-0: Called Strike
2-1: DOUBLE (Line Drive, 9D)
Jonathan Boyer scores
Batting: RHB Hilton Knowles 0-0: Ball
1-0: Ball
2-0: Ball
3-0: Base on Balls
Batting: LHB Tomás Mata 0-0: Ground out 3-1 (Groundball, 34)
Bottom of the 3rd over - 1 run, 2 hits, 0 errors, 2 left on base; Clearwater 1 - Atlantic City 1
TOP OF THE 4TH
Clearwater Crab People batting - Pitching for Atlantic City War Dogs : LHP Norberto Villaneda
Batting: RHB Artie Mills 0-0: Swinging Strike
0-1: Foul Ball, location: 2F
0-2: Fly out, F9 (Line Drive, 89M)
Batting: LHB Carl Coffman 0-0: Fly out, F8 (Line Drive, 78M)
Batting: RHB Garry Taylor 0-0: Foul Ball, location: 2F
0-1: Swinging Strike
0-2: Strikes out swinging
Top of the 4th over - 0 runs, 0 hits, 0 errors, 0 left on base; Clearwater 1 - Atlantic City 1
BOTTOM OF THE 4TH
Atlantic City War Dogs batting - Pitching for Clearwater Crab People : RHP David Miller
Batting: RHB Clifford Guzmán 0-0: Called Strike
0-1: Ball
1-1: Ball
2-1: Fly out, F8 (Flyball, 8LD)
Batting: RHB David Gallardo 0-0: Called Strike
0-1: Ball
1-1: Fly out, F7 (Flyball, 78M)
Batting: LHB Carl Childs 0-0: Ground out 4-3 (Groundball, 4)
Bottom of the 4th over - 0 runs, 0 hits, 0 errors, 0 left on base; Clearwater 1 - Atlantic City 1
TOP OF THE 5TH
Clearwater Crab People batting - Pitching for Atlantic City War Dogs : LHP Norberto Villaneda
Batting: RHB Brandon Davis 0-0: Swinging Strike
0-1: Foul Ball, location: 2F
0-2: Ball
1-2: Foul Ball, location: 2F
1-2: Ball
2-2: Foul Ball, location: 2F
2-2: Foul Ball, location: 2F
2-2: Foul Ball, location: 2F
2-2: Foul Ball, location: 2F
2-2: Foul Ball, location: 2F
2-2: Foul Ball, location: 2F
2-2: Fly out, F7 (Flyball, 7S)
Batting: RHB Juan Carlos Cruz 0-0: Ball
1-0: Ground out 5-3 (Groundball, 56)
Batting: RHB Bud Manning 0-0: Swinging Strike
0-1: Ball
1-1: Ground out 4-3 (Groundball, 4)
Top of the 5th over - 0 runs, 0 hits, 0 errors, 0 left on base; Clearwater 1 - Atlantic City 1
BOTTOM OF THE 5TH
Atlantic City War Dogs batting - Pitching for Clearwater Crab People : RHP David Miller
Batting: RHB Luis Viña 0-0: Fly out, F8 (Line Drive, 8RD)
Batting: RHB Roberto Díaz 0-0: Ball
1-0: Called Strike
1-1: SINGLE (Groundball, 6D)
Batting: RHB Jonathan Boyer 0-0: Ball
1-0: Fly out, F7 (Flyball, 78M)
Batting: SHB Xavier Stout 0-0: Ball
1-0: Ball
2-0: Foul Ball, location: 2F
2-1: Ball
3-1: Called Strike
3-2: Strikes out swinging
Bottom of the 5th over - 0 runs, 1 hit, 0 errors, 1 left on base; Clearwater 1 - Atlantic City 1
TOP OF THE 6TH
Clearwater Crab People batting - Pitching for Atlantic City War Dogs : LHP Norberto Villaneda
Batting: RHB Gerald Hayes 0-0: Called Strike
0-1: Ball
1-1: Foul Ball, location: 2F
1-2: Foul Ball, location: 2F
1-2: Foul Ball, location: 2F
1-2: Ground out 4-3 (Groundball, 4)
Batting: RHB Derrek Lane 0-0: Ball
1-0: Foul Ball, location: 2F
1-1: Fly out, F4 (Popup, 34)
Batting: RHB Lee Kitchener 0-0: Swinging Strike
0-1: Ball
1-1: Ball
2-1: Fly out, F9 (Flyball, 9LS)
Top of the 6th over - 0 runs, 0 hits, 0 errors, 0 left on base; Clearwater 1 - Atlantic City 1
BOTTOM OF THE 6TH
Atlantic City War Dogs batting - Pitching for Clearwater Crab People : RHP David Miller
Batting: RHB Hilton Knowles 0-0: Ball
1-0: Ball
2-0: Called Strike
2-1: Ground out U3 (Groundball, 3S)
Batting: LHB Tomás Mata 0-0: Swinging Strike
0-1: Ball
1-1: Ball
2-1: Foul Ball, location: 2F
2-2: Ball
3-2: Reached on error, E5 (Groundball, 5)
Batting: RHB Clifford Guzmán 0-0: Fly out, F3 (Popup, 3S)
Batting: RHB David Gallardo Pickoff Throw to First - Out!
Bottom of the 6th over - 0 runs, 0 hits, 1 error, 0 left on base; Clearwater 1 - Atlantic City 1
TOP OF THE 7TH
Clearwater Crab People batting - Pitching for Atlantic City War Dogs : LHP Norberto Villaneda
Pitching: RHP Bernardo Herrera
Batting: RHB Artie Mills 0-0: Swinging Strike
0-1: Ball
1-1: Ball
2-1: Ball
3-1: Foul Ball, location: 2F
3-2: Foul Ball, location: 2F
3-2: Fly out, F5 (Popup, 25F)
Pitching: LHP Felipe Medrano
Batting: LHB Carl Coffman 0-0: Swinging Strike
0-1: Swinging Strike
0-2: Strikes out swinging
Pitching: RHP Ken Stanley
Batting: RHB Garry Taylor 0-0: DOUBLE (Line Drive, 89D)
Batting: RHB Brandon Davis 0-0: Called Strike
0-1: Ball
1-1: Ball
2-1: Ball
3-1: Base on Balls
Pinch Hitting: RHB Kevin Hernández 0-0: Called Strike
0-1: Foul Ball, location: 2F
0-2: Foul Ball, location: 2F
0-2: Ball
1-2: Strikes out swinging
Top of the 7th over - 0 runs, 1 hit, 0 errors, 2 left on base; Clearwater 1 - Atlantic City 1
BOTTOM OF THE 7TH
Atlantic City War Dogs batting - Pitching for Clearwater Crab People : RHP David Miller
Now in LF: Pedro Villarreal
Batting: RHB David Gallardo 0-0: Ball
1-0: Ball
2-0: Ball
3-0: Called Strike
3-1: Foul Ball, location: 2F
3-2: Ground out 5-3 (Groundball, 56)
Batting: LHB Carl Childs 0-0: Swinging Strike
0-1: Ball
1-1: Swinging Strike
1-2: Ball
2-2: Fly out, F9 (Flyball, 89M)
Pinch Hitting: RHB Wyatt Wallace 0-0: Called Strike
0-1: Swinging Strike
0-2: Ball
1-2: Ground out 5-3 (Groundball, 5)
Bottom of the 7th over - 0 runs, 0 hits, 0 errors, 0 left on base; Clearwater 1 - Atlantic City 1
TOP OF THE 8TH
Clearwater Crab People batting - Pitching for Atlantic City War Dogs : RHP Ken Stanley
Now in CF: Ramón Romero
Pinch Hitting: LHB Ryan Martin 0-0: Fly out, F3 (Line Drive, 34)
Pinch Hitting: RHB Terry Davis 0-0: Called Strike
0-1: Foul Ball, location: 2F
0-2: Strikes out swinging
Pinch Hitting: LHB Ramón Martínez 0-0: SINGLE (Line Drive, 6D)
Batting: RHB Lee Kitchener 0-0: Swinging Strike
0-1: Fly out, F9 (Flyball, 9LSF)
Top of the 8th over - 0 runs, 1 hit, 0 errors, 1 left on base; Clearwater 1 - Atlantic City 1
BOTTOM OF THE 8TH
Atlantic City War Dogs batting - Pitching for Clearwater Crab People : RHP David Miller
Pitching: LHP Chase Walker
Now at 2B: Palmer Frazier
Now in LF: Terry Davis
Now in CF: Ryan Martin
Pinch Hitting: RHB Juan Sepúlveda 0-0: Ball
1-0: Fly out, F7 (Flyball, 7LS)
Batting: RHB Jonathan Boyer 0-0: Fly out, F7 (Flyball, 7S)
Batting: SHB Xavier Stout 0-0: Ball
1-0: Ball
2-0: Fly out, F9 (Flyball, 9)
Bottom of the 8th over - 0 runs, 0 hits, 0 errors, 0 left on base; Clearwater 1 - Atlantic City 1
TOP OF THE 9TH
Clearwater Crab People batting - Pitching for Atlantic City War Dogs : RHP Ken Stanley
Pitching: RHP Cisco Arrojo
Now at SS: José Avilés
Batting: RHB Artie Mills 0-0: Ball
1-0: Called Strike
1-1: Ball
2-1: Ball
3-1: Fly out, F3 (Line Drive, 34)
Batting: LHB Carl Coffman 0-0: Called Strike
0-1: Called Strike
0-2: Ground out 4-3 (Groundball, 4)
Batting: RHB Garry Taylor 0-0: Ball
1-0: Swinging Strike
1-1: Ball
2-1: Foul Ball, location: 2F
2-2: DOUBLE (Line Drive, 8RXD)
Batting: RHB Brandon Davis 0-0: SINGLE (Flyball, 4D)
Garry Taylor to third
Runner from 3rd tries for Home, SAFE, no throw
Pinch Hitting: RHB Phil Gabriel 0-0: Ball
1-0: Ball
2-0: Ball
3-0: Called Strike
3-1: Called Strike
3-2: Foul Ball, location: 2F
3-2: Strikes out swinging
Top of the 9th over - 1 run, 2 hits, 0 errors, 1 left on base; Clearwater 2 - Atlantic City 1
BOTTOM OF THE 9TH
Atlantic City War Dogs batting - Pitching for Clearwater Crab People : LHP Chase Walker
Pitching: RHP Mark Curry
Now at 1B: Sam Robinson
Now at SS: Daniele Boccanera
Batting: RHB Hilton Knowles 0-0: Foul Ball, location: 2F
0-1: Called Strike
0-2: Ball
1-2: Reached on error, E8 (Flyball, 8RD)
Batting: LHB Tomás Mata 0-0: Foul Ball, location: 2F
0-1: Foul Ball, location: 2F
0-2: Ball
1-2: Foul Ball, location: 2F
1-2: Foul Ball, location: 2F
1-2: Foul Ball, location: 2F
1-2: Foul Ball, location: 2F
1-2: Ground out 6-3 (Groundball, 6M)
Hilton Knowles to third
Batting: RHB Clifford Guzmán 0-0: Called Strike
0-1: Swinging Strike
0-2: Strikes out swinging
Batting: RHB David Gallardo 0-0: Foul Ball, location: 2F
0-1: Called Strike
0-2: Foul Ball, location: 2F
0-2: Foul Ball, location: 2F
0-2: Strikes out swinging
Bottom of the 9th over - 0 runs, 0 hits, 1 error, 1 left on base; Clearwater 2 - Atlantic City 1
Saturday, April 7th, 2018 - OOTP Baseball 18.8 Build 76